DBL
LOS ANGELES DODGERS @ WASHINGTON SENATORS
05/18/1997
 
TOP OF THE 1ST
Los Angeles Dodgers batting - Pitching for Washington Senators : RHP Kevin Millwood
Pitching: RHP Kevin Millwood
Batting: RHB Brian L Hunter 0-0: Ground out 5-3 (Groundball, 56, EV 86.3 MPH)
Batting: LHB Ryan Klesko 0-0: Ball
1-0: SINGLE (Flyball, 56D, EV 90.6 MPH)
Batting: LHB Rafael Palmeiro 0-0: Ball
1-0: Ball
2-0: Foul Ball, location: 2F
2-1: Ball
3-1: Base on Balls
Ryan Klesko to second
Batting: RHB Chris Brown 0-0: Foul Ball, location: 2F
0-1: Ball
1-1: Foul Ball, location: 2F
1-2: Ball
2-2: Fly out, F7 (Flyball, 7S, EV 90.0 MPH)
Batting: LHB Derrick May 0-0: Ball
1-0: Foul Ball, location: 2F
1-1: Ball
2-1: Ball
3-1: Base on Balls
Ryan Klesko to third
Rafael Palmeiro to second
Batting: RHB Torii Hunter 0-0: Called Strike
0-1: Swinging Strike
0-2: Strikes out swinging
Top of the 1st over - 0 runs, 1 hit, 0 errors, 3 left on base; Los Angeles 0 - Washington 0
BOTTOM OF THE 1ST
Washington Senators batting - Pitching for Los Angeles Dodgers : RHP Ramiro Mendoza
Pitching: RHP Ramiro Mendoza
Batting: RHB Kevin Sefcik 0-0: Called Strike
0-1: Ball
1-1: Ball
2-1: Swinging Strike
2-2: SINGLE (Line Drive, 89S, EV 85.6 MPH)
Batting: RHB Vladimir Guerrero 0-0: Ball
1-0: Ball
2-0: DOUBLE (Line Drive, 9LM, EV 110.0 MPH)
Kevin Sefcik to third
Batting: RHB Alex Rodriguez 0-0: Ball
1-0: Ball
2-0: Ground out 6-3 (Groundball, 6, EV 104.4 MPH)
Kevin Sefcik scores
Batting: RHB Eric Davis 0-0: Ball
1-0: Called Strike
Vladimir Guerrero steals 3rd base
1-1: Fly out, F3 (Popup, 3SF, EV 79.4 MPH)
Batting: LHB Jon Nunnally 0-0: Ball
1-0: Foul Ball, location: 2F
1-1: Fly out, F7 (Line Drive, 7D, EV 90.6 MPH)
Bottom of the 1st over - 1 run, 2 hits, 0 errors, 1 left on base; Los Angeles 0 - Washington 1
TOP OF THE 2ND
Los Angeles Dodgers batting - Pitching for Washington Senators : RHP Kevin Millwood
Batting: SHB Jerry Browne 0-0: Called Strike
0-1: Called Strike
0-2: Ball
1-2: Ball
2-2: Foul Ball, location: 2F
2-2: Ground out 2-3 (Groundball, 2L, EV 72.5 MPH)
Batting: RHB Homer Bush 0-0: Swinging Strike
0-1: Ball
1-1: Foul Ball, location: 2F
1-2: Ball
2-2: Foul Ball, location: 2F
2-2: SINGLE (Groundball, 56D, EV 97.5 MPH)
Batting: SHB Jason Varitek 0-0: Ball
1-0: Ball
2-0: Swinging Strike
2-1: Called Strike
2-2: Foul Ball, location: 2F
2-2: Strikes out swinging
Batting: RHB Brian L Hunter 0-0: Ball
1-0: Swinging Strike
1-1: Ball
2-1: Swinging Strike
2-2: Foul Ball, location: 2F
2-2: Strikes out swinging
Top of the 2nd over - 0 runs, 1 hit, 0 errors, 1 left on base; Los Angeles 0 - Washington 1
BOTTOM OF THE 2ND
Washington Senators batting - Pitching for Los Angeles Dodgers : RHP Ramiro Mendoza
Batting: LHB Willie Greene 0-0: Ball
1-0: Foul Ball, location: 2F
1-1: Called Strike
1-2: Ball
2-2: Strikes out looking
Batting: LHB Don Mattingly 0-0: SINGLE (Line Drive, 8LS, EV 90.6 MPH)
Batting: RHB Ernie Young 0-0: Ball
1-0: Ball
2-0: Called Strike
2-1: Called Strike
2-2: Ball
3-2: Base on Balls
Don Mattingly to second
Batting: RHB John Flaherty 0-0: Called Strike
0-1: Ball
1-1: Ball
Wild Pitch!
Don Mattingly to third
Ernie Young to second
2-1: Foul Ball, location: 2F
2-2: SINGLE (Line Drive, 9S, EV 90.6 MPH)
Don Mattingly scores
Ernie Young to third
Runner from 3rd tries for Home, SAFE, throw by RF to home
Batting: RHB Kevin Sefcik 0-0: Ball
1-0: Called Strike
1-1: Ball
2-1: Ball
3-1: Swinging Strike
3-2: Strikes out swinging
Batting: RHB Vladimir Guerrero 0-0: Called Strike
0-1: Ball
1-1: Ball
2-1: Foul Ball, location: 2F
2-2: Foul Ball, location: 2F
2-2: Foul Ball, location: 2F
2-2: Foul Ball, location: 2F
2-2: Foul Ball, location: 2F
2-2: Foul Ball, location: 2F
2-2: Fielders Choice at 2nd, 6-4 (Groundball, 6, EV 104.4 MPH)
Bottom of the 2nd over - 2 runs, 2 hits, 0 errors, 1 left on base; Los Angeles 0 - Washington 3
TOP OF THE 3RD
Los Angeles Dodgers batting - Pitching for Washington Senators : RHP Kevin Millwood
Batting: LHB Ryan Klesko 0-0: Swinging Strike
0-1: Foul Ball, location: 2F
0-2: Strikes out swinging
Batting: LHB Rafael Palmeiro 0-0: Ball
1-0: Foul Ball, location: 2F
1-1: Foul Ball, location: 2F
1-2: Ground out 4-3 (Groundball, 4, EV 82.5 MPH)
Batting: RHB Chris Brown 0-0: Called Strike
0-1: Ball
1-1: Foul Ball, location: 2F
1-2: SINGLE (Groundball, 34D, EV 95.0 MPH)
Batting: LHB Derrick May 0-0: Fly out, F7 (Line Drive, 7, EV 90.6 MPH)
Top of the 3rd over - 0 runs, 1 hit, 0 errors, 1 left on base; Los Angeles 0 - Washington 3
BOTTOM OF THE 3RD
Washington Senators batting - Pitching for Los Angeles Dodgers : RHP Ramiro Mendoza
Batting: RHB Alex Rodriguez 0-0: Foul Ball, location: 2F
0-1: Ball
1-1: Foul Ball, location: 2F
1-2: Hit by Pitch
Batting: RHB Eric Davis 0-0: Ball
1-0: Ball
2-0: Fly out, F9 (Flyball, 9LMF, EV 86.3 MPH)
Batting: LHB Jon Nunnally 0-0: Ball
Alex Rodriguez is caught stealing 2nd base 2-6
1-0: Ball
2-0: Swinging Strike
2-1: Fly out, F9 (Flyball, 9S, EV 76.9 MPH)
Bottom of the 3rd over - 0 runs, 0 hits, 0 errors, 0 left on base; Los Angeles 0 - Washington 3
TOP OF THE 4TH
Los Angeles Dodgers batting - Pitching for Washington Senators : RHP Kevin Millwood
Batting: RHB Torii Hunter 0-0: SINGLE (Line Drive, 6MD, EV 99.4 MPH)
Batting: SHB Jerry Browne 0-0: Sac Bunt to 13S - play at first, batter OUT! 1-3
Torii Hunter to second
Batting: RHB Homer Bush 0-0: Called Strike
Torii Hunter steals 3rd base
0-1: Fly out, F9 (Flyball, 9S, EV 74.4 MPH)
Batting: SHB Jason Varitek 0-0: Ball
1-0: Swinging Strike
1-1: Called Strike
1-2: Foul Ball, location: 2F
1-2: SINGLE (Flyball, 9LS, EV 85.6 MPH)
Torii Hunter scores
Batting: RHB Brian L Hunter 0-0: Swinging Strike
0-1: Foul Ball, location: 2F
0-2: Ball
1-2: Strikes out looking
Top of the 4th over - 1 run, 2 hits, 0 errors, 1 left on base; Los Angeles 1 - Washington 3
BOTTOM OF THE 4TH
Washington Senators batting - Pitching for Los Angeles Dodgers : RHP Ramiro Mendoza
Batting: LHB Willie Greene 0-0: Called Strike
0-1: Ball
1-1: Ball
2-1: Ground out 4-3 (Groundball, 4M, EV 90.6 MPH)
Batting: LHB Don Mattingly 0-0: Ball
1-0: DOUBLE (Line Drive, 7LS, EV 94.4 MPH)
Batting: RHB Ernie Young 0-0: Ground out 6-3 (Groundball, 6, EV 87.5 MPH)
Batting: RHB John Flaherty 0-0: Ground out U3 (Groundball, 3S, EV 81.3 MPH)
Bottom of the 4th over - 0 runs, 1 hit, 0 errors, 1 left on base; Los Angeles 1 - Washington 3
TOP OF THE 5TH
Los Angeles Dodgers batting - Pitching for Washington Senators : RHP Kevin Millwood
Batting: LHB Ryan Klesko 0-0: Swinging Strike
0-1: Ball
1-1: Swinging Strike
1-2: Foul Ball, location: 2F
1-2: Strikes out swinging
Batting: LHB Rafael Palmeiro 0-0: Foul Ball, location: 2F
0-1: Ground out 1-3 (Groundball, 34S, EV 72.5 MPH)
Batting: RHB Chris Brown 0-0: Foul Ball, location: 2F
0-1: Ball
1-1: Ball
2-1: Called Strike
2-2: Foul Ball, location: 2F
2-2: Ball
3-2: Ground out 4-3 (Groundball, 4, EV 98.1 MPH)
Top of the 5th over - 0 runs, 0 hits, 0 errors, 0 left on base; Los Angeles 1 - Washington 3
BOTTOM OF THE 5TH
Washington Senators batting - Pitching for Los Angeles Dodgers : RHP Ramiro Mendoza
Batting: RHB Kevin Sefcik 0-0: Ball
1-0: Ball
2-0: Called Strike
2-1: Ground out 4-3 (Groundball, 4, EV 86.9 MPH)
Batting: RHB Vladimir Guerrero 0-0: Fly out, F8 (Flyball, 89M, EV 85.6 MPH)
Batting: RHB Alex Rodriguez 0-0: Foul Ball, location: 2F
0-1: Ball
1-1: Ball
2-1: DOUBLE (Line Drive, 9LM, EV 92.5 MPH)
Batting: RHB Eric Davis 0-0: Foul Ball, location: 2F
0-1: Called Strike
0-2: Strikes out swinging
Bottom of the 5th over - 0 runs, 1 hit, 0 errors, 1 left on base; Los Angeles 1 - Washington 3
TOP OF THE 6TH
Los Angeles Dodgers batting - Pitching for Washington Senators : RHP Kevin Millwood
Batting: LHB Derrick May 0-0: DOUBLE (Groundball, 5L, EV 96.9 MPH)
Batting: RHB Torii Hunter 0-0: Swinging Strike
0-1: Foul Ball, location: 2F
0-2: Ball
1-2: Foul Ball, location: 2F
1-2: Ball
2-2: Strikes out looking
Batting: SHB Jerry Browne 0-0: Foul Ball, location: 2F
0-1: Called Strike
0-2: Ball
1-2: Foul Ball, location: 2F
1-2: Strikes out swinging, 2-3 out at first.
Batting: RHB Homer Bush 0-0: Called Strike
0-1: Called Strike
0-2: Ball
1-2: Ball
2-2: Ball
3-2: Strikes out looking
Top of the 6th over - 0 runs, 1 hit, 0 errors, 1 left on base; Los Angeles 1 - Washington 3
BOTTOM OF THE 6TH
Washington Senators batting - Pitching for Los Angeles Dodgers : RHP Ramiro Mendoza
Pitching: LHP Bill Wilkinson
Batting: LHB Jon Nunnally 0-0: Fly out, F6 (Popup, 56D, EV 72.5 MPH)
Batting: LHB Willie Greene 0-0: Called Strike
0-1: Ball
1-1: Foul Ball, location: 2F
1-2: Strikes out swinging
Batting: LHB Don Mattingly 0-0: Fly out, F8 (Flyball, 8LS, EV 90.0 MPH)
Bottom of the 6th over - 0 runs, 0 hits, 0 errors, 0 left on base; Los Angeles 1 - Washington 3
TOP OF THE 7TH
Los Angeles Dodgers batting - Pitching for Washington Senators : RHP Kevin Millwood
Pitching: LHP Dan Plesac
Batting: SHB Jason Varitek 0-0: SINGLE (Groundball, 6D, EV 105.0 MPH)
Batting: RHB Brian L Hunter 0-0: Called Strike
0-1: Foul Ball, location: 2F
0-2: Ball
1-2: Foul Ball, location: 2F
1-2: Reached on error, E5 (Groundball, 56S, EV 73.1 MPH)
Jason Varitek to second
Batting: LHB Ryan Klesko 0-0: Foul Ball, location: 2F
0-1: Swinging Strike
0-2: Foul Ball, location: 2F
0-2: Ball
1-2: Foul Ball, location: 2F
1-2: Ball
2-2: Fly out, F2 (Popup, 25F, EV 87.5 MPH)
Batting: LHB Rafael Palmeiro 0-0: Called Strike
0-1: Swinging Strike
0-2: Strikes out swinging
Batting: RHB Chris Brown 0-0: Ball
1-0: Foul Ball, location: 2F
1-1: Foul Ball, location: 2F
1-2: Fielders Choice at 2nd, 6-4 (Groundball, 6, EV 106.9 MPH)
Top of the 7th over - 0 runs, 1 hit, 1 error, 2 left on base; Los Angeles 1 - Washington 3
BOTTOM OF THE 7TH
Washington Senators batting - Pitching for Los Angeles Dodgers : LHP Bill Wilkinson
Batting: RHB Ernie Young 0-0: Ground out 6-3 (Groundball, 6M, EV 90.0 MPH)
Batting: RHB John Flaherty 0-0: Ground out 6-3 (Groundball, 6, EV 81.9 MPH)
Batting: RHB Kevin Sefcik 0-0: Foul Ball, location: 2F
0-1: Swinging Strike
0-2: Foul Ball, location: 2F
0-2: Ball
1-2: Ball
2-2: TRIPLE (Line Drive, 78XD, EV 100.0 MPH)
Batting: RHB Vladimir Guerrero 0-0: Swinging Strike
0-1: Foul Ball, location: 2F
0-2: Foul Ball, location: 2F
0-2: Ball
1-2: SINGLE (Flyball, 9S, EV 83.1 MPH)
Kevin Sefcik scores
Batting: RHB Alex Rodriguez 0-0: Called Strike
Vladimir Guerrero steals 2nd base
0-1: Swinging Strike
0-2: Strikes out looking
Bottom of the 7th over - 1 run, 2 hits, 0 errors, 1 left on base; Los Angeles 1 - Washington 4
TOP OF THE 8TH
Los Angeles Dodgers batting - Pitching for Washington Senators : LHP Dan Plesac
Batting: LHB Derrick May 0-0: Called Strike
0-1: Foul Ball, location: 2F
0-2: Fly out, F9 (Line Drive, 9, EV 103.1 MPH)
Batting: RHB Torii Hunter 0-0: Called Strike
0-1: Swinging Strike
0-2: Ball
1-2: Strikes out swinging
Batting: SHB Jerry Browne 0-0: Ball
1-0: Ball
2-0: Ball
3-0: Base on Balls
Batting: RHB Homer Bush 0-0: Ball
1-0: Called Strike
1-1: Ball
2-1: Swinging Strike
2-2: Ball
3-2: Strikes out swinging
Top of the 8th over - 0 runs, 0 hits, 0 errors, 1 left on base; Los Angeles 1 - Washington 4
BOTTOM OF THE 8TH
Washington Senators batting - Pitching for Los Angeles Dodgers : LHP Bill Wilkinson
Batting: RHB Eric Davis 0-0: Foul Ball, location: 2F
0-1: Called Strike
0-2: Strikes out looking
Batting: LHB Jon Nunnally 0-0: Called Strike
0-1: Foul Ball, location: 2F
0-2: Strikes out swinging
Batting: LHB Willie Greene 0-0: Foul Ball, location: 2F
0-1: Swinging Strike
0-2: Strikes out swinging
Bottom of the 8th over - 0 runs, 0 hits, 0 errors, 0 left on base; Los Angeles 1 - Washington 4
TOP OF THE 9TH
Los Angeles Dodgers batting - Pitching for Washington Senators : LHP Dan Plesac
Batting: SHB Jason Varitek 0-0: Foul Ball, location: 2F
0-1: Foul Ball, location: 2F
0-2: Ball
1-2: Ball
2-2: Strikes out swinging
Batting: RHB Brian L Hunter 0-0: Called Strike
0-1: Ball
1-1: Ball
2-1: Foul Ball, location: 2F
2-2: Ground out 6-3 (Groundball, 6, EV 84.4 MPH)
Batting: LHB Ryan Klesko 0-0: Ball
1-0: Called Strike
1-1: Ball
2-1: Ball
3-1: Base on Balls
Batting: LHB Rafael Palmeiro 0-0: Called Strike
0-1: Fly out, F3 (Popup, 34S, EV 61.9 MPH)
Top of the 9th over - 0 runs, 0 hits, 0 errors, 1 left on base; Los Angeles 1 - Washington 4
Wednesday, February 11th, 2026 - OOTP Baseball 20.8 Build 74